 Dungeon Crawl Stone Soup version 0.28-a0-1190-g77e1c55843 (webtiles) character file.

Game seed: 10053856768572737473

156 Gwenloh the Covered (level 5, -1/42 HPs)
             Began as a Human Fighter on Dec 18, 2021.
             Was a Follower of Uskayaw.
             Killed from afar by Natasha (6 damage)
             ... with a magic dart
             ... on level 3 of the Dungeon.
             The game lasted 00:08:41 (2729 turns).

Gwenloh the Covered (Human Fighter)                 Turns: 2729, Time: 00:08:41

Health: -1/42      AC:  8    Str: 17    XL:     5   Next: 65%
Magic:  0/6        EV:  9    Int:  8    God:    Uskayaw [*.....]
Gold:   46         SH:  5    Dex: 14    Spells: 4/4 levels left

rFire   . . .      SeeInvis +   a - +0 long sword
rCold   . . .      Faith    .   c - +0 buckler
rNeg    . . .      Spirit   .   b - +0 scale mail
rPois   .          Reflect  .   j - +0 helmet
rElec   .          Harm     .   (no cloak)
rCorr   .          Rampage  .   (no gloves)
Will    .....                   (no boots)
Stlth   ..........              (no amulet)
HPRegen 0.14/turn               m - ring of see invisible
MPRegen 0.10/turn               (no ring)

@: slowed, very slow
A: no striking features
a: Renounce Religion, Stomp


You were on level 3 of the Dungeon.
You worshipped Uskayaw.
Uskayaw was noncommittal.
You visited 1 branch of the dungeon, and saw 3 of its levels.

You collected 72 gold pieces.
You spent 26 gold pieces at shops.

Inventory:

Hand Weapons
 a - a +0 long sword (weapon)
Missiles
 l - 52 stones (quivered)
 p - 23 bolts
Armour
 b - a +0 scale mail (worn)
 c - a +0 buckler (worn)
 j - a +0 helmet (worn)
Jewellery
 m - a ring of see invisible (left hand)
Scrolls
 f - a scroll of amnesia
 k - 2 scrolls of teleportation
 n - 2 scrolls of enchant weapon
 o - a scroll of enchant armour {unknown}
Potions
 d - a potion of might
 e - 6 potions of curing {unknown}
 h - a potion of haste {unknown}
 i - a potion of brilliance {unknown}
 q - a potion of degeneration {unknown}


   Skills:
 + Level 3.8 Fighting
 + Level 3.0 Long Blades
 + Level 3.8 Armour
 + Level 3.7 Shields
 + Level 1.6 Invocations


You had 4 spell levels left.
You didn't know any spells.
Your spell library contained the following spells:

 Spells                   Type           Power      Damage    Failure   Level
 Sandblast                Erth           0%         2d4       82%         1
 Passwall                 Tmut/Erth      0%         N/A       91%         2
 Stone Arrow              Conj/Erth      0%         3d7       99%         3


Dungeon Overview and Level Annotations

Branches:
Dungeon (3/15)

Altars:
Uskayaw

Shops:
D:1 (*?

Annotations:
D:3 Natasha


Message History

The gnoll is moderately wounded.
The gnoll hits you with a +0 spear.
You can now pass through a line of other dancers.
You closely miss the gnoll.
The gnoll is moderately wounded.
You block the gnoll's attack.
You hit the gnoll.
The gnoll is heavily wounded.
The gnoll barely misses you. x2
You slash the gnoll!
You kill the gnoll!
Natasha casts a spell at you.
You feel yourself slow down.
You hit Natasha.
Natasha is lightly wounded.
Natasha claws you! Natasha claws you.
You stomp with the beat, sending a shockwave through the revellers around you!
Natasha is heavily wounded.
Natasha barely misses you.
You closely miss Natasha.
Natasha is heavily wounded.
Natasha claws you. Natasha claws you but does no damage.
You hit Natasha but do no damage.
Natasha is heavily wounded.
The white imp disappears in a puff of smoke!
Natasha mumbles some strange words.
Natasha glows brightly for a moment.
Natasha barely misses you. You block Natasha's attack.
You hit Natasha but do no damage.
Natasha is heavily wounded.
Natasha claws you.
* * * LOW HITPOINT WARNING * * *
Natasha claws you.
* * * LOW HITPOINT WARNING * * *
You stomp with the beat, sending a shockwave through the revellers around you!
Natasha is severely wounded.
You can no longer pass through a line of other dancers.
Natasha stares at you and mumbles some strange words.
The magic dart hits you.
You die...

....###...........##.#####
............##....# .#
....######.######.# .
....# #.# #.# .. ....# #.#
#.# .. ....# ####.#### #..
... ....# #.......# ###
##### #.......###########
#.........@h5((...g
#.......########...
#########


You could see Natasha and a crimson imp (summoned).

Vanquished Creatures
  Natasha (twice) (D:3)
  2 gnolls (D:3)
  3 adders (D:2)
  A worm (D:2)
  3 dart slugs
  3 bats
  5 endoplasms
  2 giant cockroaches (D:3)
  4 goblins
  3 hobgoblins
  5 jackals
  2 quokkas (D:1)
  7 ball pythons
  3 frilled lizards (D:2)
  2 kobolds (D:1)
  7 rats
54 creatures vanquished.

Vanquished Creatures (others)
  A plant (D:1)
1 creature vanquished.

Grand Total: 55 creatures vanquished

Notes
Turn   | Place    | Note
-------+----------+-------------------------------------------
     0 | D:1      | Gwenloh the Human Fighter began the quest for the Orb.
     0 | D:1      | Reached XP level 1. HP: 18/18 MP: 1/1
   205 | D:1      | Reached XP level 2. HP: 23/24 MP: 2/2
   286 | D:1      | Found Dika's Assorted Antiques.
   330 | D:1      | Found Goantiwk's Magic Scroll Emporium.
   650 | D:1      | You fall into a shaft and drop 1 floor!
   656 | D:2      | Reached XP level 3. HP: 29/29 MP: 3/3
   656 | D:2      | Found a hide-covered altar of Uskayaw.
   718 | D:2      | Became a worshipper of Uskayaw the Reveller
   829 | D:2      | Reached * piety under Uskayaw
   837 | D:2      | Reached XP level 4. HP: 30/35 MP: 0/4
   971 | D:1      | Found Neomutic's Weapon Emporium.
  1094 | D:1      | Bought a scroll of identify for 26 gold pieces
  2214 | D:3      | Found a faded altar of an unknown god.
  2218 | D:3      | Reached skill level 1 in Invocations
  2284 | D:3      | Noticed Natasha
  2296 | D:3      | Killed Natasha
  2297 | D:3      | Reached XP level 5. HP: 17/41 MP: 1/5
  2551 | D:3      | Noticed Natasha
  2561 | D:3      | Reached ** piety under Uskayaw
  2562 | D:3      | Killed Natasha
  2712 | D:3      | Noticed Natasha
  2729 | D:3      | Killed from afar by Natasha

Illustrated notes

Levels and vault maps discovered:
D:1:      denvon_arrival_planthouse, layout_loops_corners, serial_shops,
          nicolae_shop_bloodbath_and_beyond, shop, shop_fountains,
          minmay_pentomino_s4
D:2:      wander_river, layout_loops_cross, basic_altar,
          kennysheep_generic_room_11
D:3:      layout_rooms, nicolae_ecumenical_oubliette, uniq_natasha

Skill      XL: |  1  2  3  4  5 |
---------------+----------------+-----
Invocations    | 1 |  1.6
Long Blades    | 3 |  3.0
Fighting       | |  3.8
Armour         | |  3.8
Shields        | |  3.7

Action                   |  1- 3 |  4- 6 || total
-------------------------+-------+-------++-------
Melee: Long sword        |    81 |    85 ||   166
Throw: Stone             |       |    41 ||    41
Invok: Stomp             |     1 |     5 ||     6
  Use: Scroll            |       |     4 ||     4
Armor: Scale mail        |    30 |    38 ||    68
Dodge: Dodged            |    24 |    41 ||    65
Block: Buckler           |    19 |    16 ||    35

Table legend: (Time is in decaauts)
 A = Elapsed time spent in this place.
 B = Non-inter-level travel time spent in this place.
 C = Inter-level travel time spent in this place.
 D = Time resting spent in this place.
 E = Time spent auto-exploring this place.
 F = Levels seen in this place.
 G = Mean time per level.
                   A        B        C        D        E       F      G
               +--------+--------+--------+--------+--------+-----+--------+
         Total |   2818 |   2671 |    147 |    236 |   1851 |   3 |  939.3 |
       Dungeon |   2818 |   2671 |    147 |    236 |   1851 |   3 |  939.3 |
               +--------+--------+--------+--------+--------+-----+--------+

Top non-repeatable levels by time:
     D:1: 1326 daAuts
     D:2: 1010 daAuts
     D:3: 481 daAuts
